 Dungeon Crawl Stone Soup version 0.27-a0-1193-g8631133539 (webtiles) character file.

Game seed: 2481833224360581139

324 ReteAZ the Skirmisher (level 6, 0/53 HPs)
             Began as a Gnoll Wanderer on May 25, 2021.
             Slain by a bullfrog (1 damage)
             ... in a sewer.
             The game lasted 00:04:42 (3511 turns).

ReteAZ the Skirmisher (Gnoll Wanderer)              Turns: 3511, Time: 00:04:43

Health: 0/53       AC:  7    Str: 12 (13) XL:     6   Next: 48%
Magic:  9/9        EV: 11    Int: 13      God:
Gold:   152        SH:  4    Dex:  8 (10) Spells: 9/9 levels left

rFire    . . .     SeeInvis .   n - +3 dagger
rCold    . . .     Faith    .   d - +0 buckler
rNeg     . . .     Spirit   .   r - +0 ring mail
rPois    .         Reflect  .   (no helmet)
rElec    .         Harm     .   (no cloak)
rCorr    .         Rampage  .   k - +0 pair of gloves
Will     .....                  h - +0 pair of boots
Stlth    +.........             (no amulet)
HPRegen  0.17/turn              (no ring)
MPRegen  0.11/turn              (no ring)

@: mighty, brilliant, attractive, flying
A: fangs 1, strong nose, distributed training, clever 1, clumsy 1
a: no special abilities


You were in a sewer.
You visited 1 branch of the dungeon, and saw 4 of its levels.
You also visited: Sewer.

You collected 152 gold pieces.

Inventory:

Hand Weapons
 a - a +0 spear
 i - a +0 dagger
 n - a +3 dagger (weapon)
Missiles
 b - a throwing net
 e - 11 poisoned darts (quivered)
Armour
 c - a +0 leather armour
 d - a +0 buckler (worn)
 h - a +0 pair of boots (worn)
 k - a +0 pair of gloves (worn)
 r - a +0 ring mail (worn)
Jewellery
 f - a ring of positive energy
 m - a ring of flight
Wands
 t - a wand of flame (18)
Scrolls
 j - 2 scrolls of fog {unknown}
 l - 4 scrolls of identify {unknown}
 o - 3 scrolls of teleportation {unknown}
 p - a scroll of immolation {unknown}
 s - a scroll of enchant weapon {unknown}
 v - a scroll of amnesia {unknown}
 y - 2 scrolls of magic mapping {unknown}
Potions
 z - a potion of brilliance
 A - a potion of attraction


   Skills:
 + Level 6.8 Fighting
 + Level 5.0 Short Blades
 + Level 2.0 Long Blades
 + Level 2.0 Axes
 + Level 2.0 Maces & Flails
 + Level 2.0 Polearms
 + Level 2.0 Staves
 + Level 2.0 Slings
 + Level 2.0 Bows
 + Level 2.0 Crossbows
 + Level 2.0 Throwing
 + Level 2.0 Armour
 + Level 5.0 Dodging
 + Level 3.1 Stealth
 + Level 5.0 Shields
 + Level 2.0 Unarmed Combat
 + Level 2.0 Spellcasting
 + Level 1.5 Conjurations
 + Level 1.5 Hexes
 + Level 1.5 Summonings
 + Level 1.5 Necromancy
 + Level 1.5 Translocations
 + Level 1.5 Transmutations
 + Level 1.5 Fire Magic
 + Level 1.5 Ice Magic
 + Level 1.5 Air Magic
 + Level 1.5 Earth Magic
 + Level 1.5 Poison Magic
 + Level 2.2 Invocations
 + Level 2.0 Evocations


You had 9 spell levels left.
You didn't know any spells.
Your spell library was empty.

Dungeon Overview and Level Annotations

Branches:
Dungeon (4/15)              Sewer (1/1)
 Temple: D:4-7

Altars:
Kikubaaqudgha


Innate Abilities, Weirdness & Mutations

You have very sharp teeth.
Your uncanny sense of smell can sniff out nearby items.
Your experience applies equally to all skills.
Your mind is acute. (Int +2)
You are clumsy. (Dex -2)


Message History

The ball python grabs you. The ball python constricts you.
The bullfrog hits you.
* * * LOW HITPOINT WARNING * * *
You see here an adder corpse.
You escape the ball python's grasp.
The ball python is pulled toward you! The ball python misses you.
The ball python barely misses you. The ball python bites you.
* * * LOW HITPOINT WARNING * * *
The ball python barely misses you. The bullfrog is pulled toward you!
The ball python is pulled toward you!
There is an open door here.
Okay, then.
Okay, then.
Unknown command.
Aiming: Throw Flame
Press: ? - help, Shift-Dir - straight line, f - ball python
Aim: a ball python (68% to hit)
The puff of flame hits the ball python!
You kill the ball python!
Aiming: Throw Flame
Press: ? - help, Shift-Dir - straight line, f - ball python
Aim: a ball python (68% to hit)
The puff of flame hits the ball python.
You kill the ball python!
The bullfrog hits you.
* * * LOW HITPOINT WARNING * * *
Okay, then.
Unknown command.
Okay, then.
Unknown command.
You closely miss the bullfrog. The bullfrog misses you.
You hit the bullfrog.
The bullfrog is lightly wounded.
The bullfrog hits you.
* * * LOW HITPOINT WARNING * * *
You puncture the bullfrog!
The bullfrog is heavily wounded.
The bullfrog hits you.
You die...

##### ####...####
####.........####
##.........F.....##
#.......#S.S......#
##......##F##.S....##
#....†.###.@##†.....#
#.≈.†≈.# #..##.≈≈≈≈##
#≈≈≈†≈≈# #####≈≈≈≈≈≈#
#≈≈≈≈≈≈# #≈≈≈≈≈≈#
#≈≈≈≈≈≈# #≈≈≈≈≈≈#
#≈≈≈≈≈≈# #≈≈≈≈≈≈#
#≈≈†≈≈≈# #≈≈≈≈≈≈#
#≈.≈.≈≈# #≈≈≈≈#≈#
#.≈.(†≈# #≈≈≈≈≈≈#


You could see a bullfrog and a ball python.

Vanquished Creatures
  A bullfrog (Sewer)
  Terence (D:3)
  6 river rats (Sewer)
  8 adders
  3 dart slugs
  7 orcs (D:3)
  5 endoplasms
  3 giant cockroaches
  7 goblins
  5 hobgoblins
  6 jackals
  12 ball pythons
  4 bats
  3 frilled lizards
  7 kobolds
  27 rats
105 creatures vanquished.

Notes
Turn   | Place    | Note
-------+----------+-------------------------------------------
     0 | D:1      | ReteAZ the Gnoll Wanderer began the quest for the Orb.
     0 | D:1      | ReteAZ set off with the following items: a +0 spear, 2
                  | throwing nets, a +0 leather armour, a +0 buckler
     0 | D:1      | Reached XP level 1. HP: 23/23 MP: 1/1
    89 | D:1      | Found a faded altar of an unknown god.
   196 | D:1      | Reached XP level 2. HP: 29/29 MP: 2/2
   738 | D:1      | Reached XP level 3. HP: 35/35 MP: 3/3
  1192 | D:2      | Reached skill level 1 in Invocations
  1205 | D:2      | Found an ancient bone altar of Kikubaaqudgha.
  1478 | D:2      | Reached skill level 1 in Long Blades
  1478 | D:2      | Reached skill level 1 in Axes
  1478 | D:2      | Reached skill level 1 in Maces & Flails
  1478 | D:2      | Reached skill level 1 in Polearms
  1478 | D:2      | Reached skill level 1 in Staves
  1478 | D:2      | Reached skill level 1 in Slings
  1478 | D:2      | Reached skill level 1 in Bows
  1478 | D:2      | Reached skill level 1 in Crossbows
  1478 | D:2      | Reached skill level 1 in Throwing
  1478 | D:2      | Reached skill level 1 in Armour
  1478 | D:2      | Reached skill level 1 in Unarmed Combat
  1478 | D:2      | Reached skill level 1 in Spellcasting
  1478 | D:2      | Reached skill level 1 in Evocations
  1893 | D:3      | Reached XP level 4. HP: 30/41 MP: 5/5
  2022 | D:3      | Noticed Terence
  2042 | D:3      | Killed Terence
  2043 | D:3      | Reached skill level 1 in Conjurations
  2043 | D:3      | Reached skill level 1 in Hexes
  2043 | D:3      | Reached skill level 1 in Summonings
  2043 | D:3      | Reached skill level 1 in Necromancy
  2043 | D:3      | Reached skill level 1 in Translocations
  2043 | D:3      | Reached skill level 1 in Transmutations
  2043 | D:3      | Reached skill level 1 in Fire Magic
  2043 | D:3      | Reached skill level 1 in Ice Magic
  2043 | D:3      | Reached skill level 1 in Air Magic
  2043 | D:3      | Reached skill level 1 in Earth Magic
  2043 | D:3      | Reached skill level 1 in Poison Magic
  2294 | D:3      | Reached XP level 5. HP: 28/47 MP: 6/6
  2741 | D:4      | Found a glowing drain.
  2750 | Sewer    | Entered a sewer
  3269 | Sewer    | Reached XP level 6. HP: 47/53 MP: 8/8
  3493 | Sewer    | Gained mutation: You are clumsy. (Dex -2) [potion of
                  | mutation]
  3493 | Sewer    | Gained mutation: Your mind is acute. (Int +2) [potion of
                  | mutation]
  3501 | Sewer    | Reached skill level 5 in Short Blades
  3501 | Sewer    | Reached skill level 5 in Dodging
  3501 | Sewer    | Reached skill level 5 in Shields
  3510 | Sewer    | HP: 1/53 [bullfrog (3)]
  3511 | Sewer    | Slain by a bullfrog

Illustrated notes

Levels and vault maps discovered:
D:1:      dpeg_arrival_water_temple_mockup, layout_basic,
          shapermc_ecumenical_altar_starsandcircs, kennysheep_decorative_pillar
D:2:      layout_rooms, basic_altar
D:3:      layout_basic, uniq_terence
D:4:      layout_gridville, cheibrodos_sewer_entry_drain,
          ebering_dispersal_statue_hall
Sewer:    sewer_minmay_w

Skill      XL: |  1  2  3  4  5  6 |
---------------+-------------------+-----
Invocations    | 1 2 |  2.2
Long Blades    | 1 2 |  2.0
Axes           | 1 2 |  2.0
Maces & Flails | 1 2 |  2.0
Polearms       | 1 2 |  2.0
Staves         | 1 2 |  2.0
Slings         | 1 2 |  2.0
Bows           | 1 2 |  2.0
Crossbows      | 1 2 |  2.0
Throwing       | 1 2 |  2.0
Armour         | 1 2 |  2.0
Unarmed Combat | 1 2 |  2.0
Spellcasting   | 1 2 |  2.0
Evocations     | 1 2 |  2.0
Conjurations   | 1 |  1.5
Hexes          | 1 |  1.5
Summonings     | 1 |  1.5
Necromancy     | 1 |  1.5
Translocations | 1 |  1.5
Transmutations | 1 |  1.5
Fire Magic     | 1 |  1.5
Ice Magic      | 1 |  1.5
Air Magic      | 1 |  1.5
Earth Magic    | 1 |  1.5
Poison Magic   | 1 |  1.5
Stealth        | 3 |  3.1
Short Blades   | 5 |  5.0
Dodging        | 5 |  5.0
Shields        | 5 |  5.0
Fighting       | |  6.8

Action                   |  1- 3 |  4- 6 || total
-------------------------+-------+-------++-------
Melee: Spear             |    19 |       ||    19
       Dagger            |   144 |   230 ||   374
       Bite              |     5 |    16 ||    21
Throw: Dart              |    10 |    43 ||    53
       Throwing net      |       |     1 ||     1
Evoke: Wand              |       |     2 ||     2
  Use: Potion            |       |     7 ||     7
 Stab: Sleeping          |     3 |     1 ||     4
       Held in net/web   |       |     1 ||     1
Armor: Leather armour    |    31 |       ||    31
       Ring mail         |     6 |    96 ||   102
Dodge: Dodged            |    71 |   151 ||   222
Block: Buckler           |    32 |    65 ||    97

Table legend: (Time is in decaauts)
 A = Elapsed time spent in this place.
 B = Non-inter-level travel time spent in this place.
 C = Inter-level travel time spent in this place.
 D = Time resting spent in this place.
 E = Time spent auto-exploring this place.
 F = Levels seen in this place.
 G = Mean time per level.
                   A        B        C        D        E       F      G
               +--------+--------+--------+--------+--------+-----+--------+
         Total |   3481 |   3327 |    154 |      0 |   2590 |   5 |  696.2 |
       Dungeon |   2705 |   2551 |    154 |      0 |   2108 |   4 |  676.2 |
         Sewer |    775 |    775 |      0 |      0 |    482 |   1 |  775.0 |
               +--------+--------+--------+--------+--------+-----+--------+

Top non-repeatable levels by time:
     D:1: 1140 daAuts
     D:3: 1027 daAuts
   Sewer: 775 daAuts
     D:2: 519 daAuts
     D:4: 18 daAuts
